 Dungeon Crawl Stone Soup version 0.28.0 (webtiles) character file.

Game seed: 3349635044044753866

126352 RepoMan the Thaumaturge (level 16, -5/126 HPs)
             Began as a Mummy Cinder Acolyte on Feb 14, 2022.
             Was an Initiate of Ignis.
             Killed from afar by a shock serpent (9 damage)
             ... with a bolt of electricity
             ... on level 3 of the Snake Pit on Feb 15, 2022.
             The game lasted 08:03:15 (37024 turns).

RepoMan the Thaumaturge (Mummy Cinder Acolyte)     Turns: 37024, Time: 08:03:15

Health: -5/126     AC: 19    Str: 19    XL:     16   Next: 43%
Magic:  33/43      EV: 10    Int: 22    God:    Ignis [......]
Gold:   297        SH:  6    Dex:  7    Spells: 10/43 levels left

rFire   + . .      SeeInvis +   A - staff of conjuration
rCold   + . .      Faith    .   L - +2 buckler
rNeg    + + +      Spirit   .   k - +2 troll leather armour {Snorg}
rPois   ∞          Reflect  .   m - +3 crown of Dyrovepreva {rElec Int+2 SInv}
rElec   +          Harm     .   s - scarf {+Inv}
rCorr   .          Rampage  .   J - +1 pair of gloves
Will    ++...                   e - +0 pair of boots
Stlth   ++........              o - amulet of magic regeneration
HPRegen 1.11/turn               h - ring of protection from fire
MPRegen 0.68/turn               F - ring of magical power

@: on blink cooldown, fiery-armoured, very slightly contaminated
A: cold resistance 1, negative energy resistance 3, torment resistance 2, heat
vulnerability 1, in touch with death 1, no potions
a: Renounce Religion, Evoke Invisibility


You were on level 3 of the Snake Pit.
You worshipped Ignis.
Ignis was noncommittal.
You visited 5 branches of the dungeon, and saw 26 of its levels.
You also visited: Bailey and Volcano.

You collected 2466 gold pieces.
You spent 2169 gold pieces at shops.

Inventory:

Hand Weapons
 M - the +12 dagger "Icsis" {pain, *Slow rCorr Dex+4 Stlth+}
   (You found it on level 5 of the Lair of Beasts)

   In the hands of one skilled in necromantic magic, it inflicts extra damage on
   living creatures.
   Dex:       It affects your dexterity (+4).
   rCorr:     It protects you from acid and corrosion.
   *Slow:     It may slow you when you take damage.
   Stlth:     It makes you more stealthy.
Missiles
 g - 7 atropa-tipped darts
 l - 36 poisoned darts
 r - 8 curare-tipped darts
 E - 139 stones (quivered)
Armour
 b - a +2 robe of cold resistance
 e - a +0 pair of boots (worn)
 f - a +2 kite shield of reflection
 k - a +2 troll leather armour (worn) {Snorg}
 m - the +3 crown of Dyrovepreva (worn) {rElec Int+2 SInv}
   (You bought it in a shop on level 1 of the Orcish Mines)

   Int:       It affects your intelligence (+2).
   rElec:     It insulates you from electricity.
   SInv:      It lets you see invisible.
 s - a scarf of invisibility (worn)
 t - the +3 helmet of Retul {rF- rN+ Will+ rCorr}
   (You bought it in a shop on level 2 of the Dungeon)

   rF:        It makes you vulnerable to fire.
   rN:        It protects you from negative energy.
   rCorr:     It protects you from acid and corrosion.
   Will:      It increases your willpower.
 w - a +1 robe of the Archmagi
 B - +2 shadow dragon scales
 C - +0 acid dragon scales
 I - a +4 ring mail
 J - a +1 pair of gloves (worn)
 L - a +2 buckler (worn)
 P - a +2 robe of willpower
 T - a +1 plate armour of fire resistance
 U - a +2 ring mail of fire resistance
Magical Staves
 A - a staff of conjuration (weapon)
Jewellery
 d - an amulet of regeneration
 h - a ring of protection from fire (left hand)
 j - a ring of protection from fire
 o - an amulet of magic regeneration (around neck)
 D - an amulet of reflection
 F - a ring of magical power (right hand)
 G - a ring of wizardry
 Q - a ring of wizardry
Wands
 i - a wand of flame (50)
 H - a wand of digging (20)
 X - a wand of polymorph (8)
Scrolls
 c - 6 scrolls of teleportation
 n - 3 scrolls of identify
 q - a scroll of immolation {unknown}
 v - 3 scrolls of enchant weapon
 z - 5 scrolls of amnesia
 S - 5 scrolls of vulnerability
Miscellaneous
 a - a lightning rod (4/4)


   Skills:
 - Level 11.4 Fighting
 - Level 2.8 Maces & Flails
 - Level 4.0 Stealth
 - Level 4.0 Shields
 + Level 14.3 Spellcasting
 + Level 11.4 Conjurations
 - Level 1.0 Hexes
 - Level 1.0 Summonings
 + Level 2.1 Necromancy
 - Level 2.0 Translocations
 - Level 2.4 Fire Magic
 * Level 13.8 Earth Magic
 - Level 4.0 Poison Magic
 - Level 10.0 Evocations


You had 10 spell levels left.
You knew the following spells:

 Your Spells              Type           Power      Damage    Failure   Level
a - Stone Arrow           Conj/Erth      100%       3d13      1%          3
b - Blink                 Tloc           48%        N/A       4%          2
c - Summon Guardian Gole  Hex/Summ       20%        N/A       12%         3
d - Iron Shot             Conj/Erth      41%        9d8       5%          6
q - Pain                  Necr           100%       1d9       2%          1
r - Corpse Rot            Necr/Air       60%        N/A       6%          2
s - Sandblast             Erth           100%       2d20      1%          1
t - Olgreb's Toxic Radia  Pois           33%        N/A       12%         4
v - Poisonous Vapours     Pois/Air       48%        N/A       4%          2
w - Passwall              Tmut/Erth      38%        N/A       1%          2
x - Borgnjor's Vile Clut  Necr/Erth      33%        N/A       6%          5
R - Scorch                Fire           52%        2d7       3%          2

Your spell library contained the following spells:

 Spells                   Type           Power      Damage    Failure   Level
 Shock                    Conj/Air       100%       1d9       1%          1
 Sting                    Tmut/Pois      96%        1d7       2%          1
 Leda's Liquefaction      Hex/Erth       24%        N/A       2%          4
 Summon Small Mammal      Summ           80%        N/A       4%          1
 Portal Projectile        Hex/Tloc       44%        N/A       10%         3
 Call Canine Familiar     Summ           20%        N/A       12%         3
 Animate Dead             Necr           18%        N/A       26%         4
 Freezing Cloud           Conj/Ice/Air   24%        6-21      34%         5
 Agony                    Necr           37%        N/A       56%         5
 Excruciating Wounds      Necr           18%        N/A       56%         5
 Manifold Assault         Tloc           24%        N/A       58%         5
 Silence                  Hex/Air        8%         N/A       80%         5
 Death Channel            Necr           18%        N/A       98%         6
 Summon Hydra             Summ           10%        N/A       100%        7
 Chain Lightning          Conj/Air       28%        3d38      100%        9
 Sublimation of Blood     Necr           Unusable   N/A       N/A         2
 Wereblood                Tmut           Unusable   N/A       N/A         2
 Blade Hands              Tmut           Unusable   N/A       N/A         5
 Storm Form               Tmut/Air       Unusable   N/A       N/A         7

Dungeon Overview and Level Annotations

Branches:
Dungeon (14/15)            Temple (1/1) D:5            Lair (6/6) D:11
  Swamp (0/4) Lair:2        Snake (3/4) Lair:4        Slime (0/5) Lair:6
    Orc (2/2) D:11            Elf (0/3) Orc:2        Vaults (0/5) D:14
 Bailey (visited)         Volcano (visited)

Altars:
Ashenzari
Cheibriados
Dithmenos
Elyvilon
Fedhas
Gozag
Hepliaklqana
Kikubaaqudgha
Makhleb
Nemelex Xobeh
Okawaru
Qazlal
Ru
Sif Muna
Trog
Uskayaw
Vehumet
Wu Jian
Xom
Yredelemnul
Zin
The Shining One
Beogh
Jiyva

Shops:
D:2 =([[:   D:4 (   D:9 [   Orc:1 !([[   Orc:2 =*[(   Snake:2 **(:

Portals:
Trove: D:10 (give +4 fire dragon scales)

Annotations:
Snake:3 exclusion: naga sharpshooter


Innate Abilities, Weirdness & Mutations

You are immune to poison.
Your flesh is cold resistant. (rC+)
You are immune to negative energy. (rN+++)
You are immune to unholy pain and torment.
You are vulnerable to heat. (rF-)
You are in touch with the powers of death.
You do not drink.


Message History

Aiming: Polymorph
Press: ? - help, Shift-Dir - straight line, f - naga sharpshooter, p - shock serpent
Aim: a naga sharpshooter, wielding a +0 shortbow and quivering arrows (will become an elephant, a deep troll, or a swamp dragon, chance to affect: 21%)
Okay, then.
Unknown command.
Okay, then.
Okay, then.
A protective cloak of flame settles atop you.
You can no longer armour yourself in flame.
You can no longer call a swarm of foxfires against your foes.
The shock serpent bites you but does no damage.
The shock serpent is burned by your cloak of flames.
The shock serpent is heavily wounded.
The naga sharpshooter shoots an arrow.
The arrow barely misses you.
Okay, then.
Unknown command.
Press: ? - help, v - describe, . - travel
Here: a shock serpent (black smoke, heavily wounded)
The floor.
Unknown command.
Casting: Blink (safe; 4% risk of failure)
Confirm with . or Enter, or press ? or * to list all spells.
Okay, then.
Unknown command.
Unknown command.
Press: ? - help, v - describe, . - travel
Here: a naga sharpshooter, wielding a +0 shortbow and quivering arrows The floor.
Unknown command.
As you read the scroll of torment, it crumbles to dust.
You feel a surge of unholy energy.
The naga sharpshooter convulses!
The shock serpent convulses!
The shock serpent's electric aura discharges, shocking you!
You resist. The shock serpent barely misses you.
The naga sharpshooter spits poison at you.
The splash of poison hits you but does no damage.
You resist.
The shock serpent shoots out a bolt of lightning at you!
The bolt of electricity hits you! You resist.
You die...

#..............#
#.........
#......#.......#
#.....##..
##.....#.......#
##....##...
##.....§§§§...###...#
#..[#
#..N#.#N§#.........###....
##..#.#§§###..............
##N.#§§#§§......#........
##†##§S#§.......#...###.
#..##§@N....>.#....###.
##..###................
###..#........#.......
###..#.......###....
###..........#....
##..............
##.##)#).......
#.###)##<.....
##.#.)####....


You could see a naga sharpshooter and a shock serpent.

Vanquished Creatures
  Jorgrun (D:12)
  Rupert (D:14)
  Kirke (D:13)
  A fire giant (D:14)
  A nagaraja (Snake:3)
  A frost giant (D:14)
  An orc warlord (Orc:2)
  5 dire elephants (Lair:6)
  Snorg (D:14)
  An ettin (Orc:2)
  A yaktaur captain (D:14)
  Fannar (D:12)
  3 naga warriors
  8 hydras
  A catoblepas (Lair:3)
  Erica (Lair:1)
  3 boulder beetles (D:14)
  5 centaur warriors
  An anaconda (Snake:1)
  5 two-headed ogres
  2 death yaks (Lair:2)
  2 tengu warriors
  3 orc high priests
  4 naga sharpshooters (Snake:3)
  3 shock serpents
  A spectral dire elephant (Lair:6)
  A hell knight (Volcano)
  An obsidian statue (Lair:6)
  2 bog bodies (Lair:2)
  A lindwurm (Lair:6)
  A wizard (D:11)
  4 deep elf pyromancers
  A necromancer (Lair:6)
  An orc sorcerer (Orc:1)
  12 ugly things
  A deep elf zephyrmancer (D:11)
  4 mana vipers
  6 cyclopes
  3 manticores
  6 salamanders
  A dire elephant zombie (Lair:6)
  Maurice (Orc:1)
  27 elephants
  12 black mambas
  7 naga magi
  10 cane toads
  A guardian serpent (Snake:1)
  Maggie (D:6)
  3 unseen horrors
  2 rime drakes
  A kobold demonologist (D:11)
  2 yaktaurs (D:14)
  5 komodo dragons
  A freezing wraith (D:14)
  3 tengu conjurers
  A polar bear (Lair:6)
  8 trolls
  9 blink frogs
  2 spectral elephants (Lair:6)
  A hornet (D:10)
  Prince Ribbit (D:6)
  A slime creature (D:14)
  17 dream sheep
  2 shadows
  A jumping spider (Orc:1)
  A wraith (D:13)
  3 wyverns
  38 yaks
  2 hogs (D:13)
  8 basilisks
  4 vampire mosquitoes
  3 steam dragons
  Menkaure (D:6)
  5 wargs
  15 nagas
  A spectral cane toad (Lair:6)
  11 water moccasins
  26 orc warriors
  2 black bears
  2 elephant zombies (Lair:6)
  An ice beast (D:5)
  A tengu (shapeshifter) (D:14)
  11 wolves
  5 ogres
  16 centaurs
  2 elephant skeletons (Lair:6)
  4 kobold brigands
  2 phantoms
  9 bullfrogs
  2 scorpions
  3 gnoll sergeants
  3 killer bees (D:9)
  6 wights
  4 howler monkeys
  2 electric eels
  2 bullfrog zombies
  13 orc priests
  3 centaur zombies
  2 hounds (D:6)
  4 centaur skeletons
  2 iguanas (D:6)
  4 jellies
  2 gnoll shamans
  5 hell rats (Lair:5)
  24 orc wizards
  A killer bee zombie (D:7)
  4 howler monkey zombies
  Robin (D:2)
  19 gnolls
  7 adders
  5 river rats (Lair:5)
  A white imp (D:8)
  4 ufetubi
  A worm (D:3)
  2 dart slugs (D:1)
  65 orcs
  11 endoplasms
  5 giant cockroaches
  23 goblins
  18 hobgoblins
  6 jackals
  2 quokkas
  2 ball pythons
  4 bats
  6 frilled lizards
  20 kobolds
  16 rats
  A bush (D:5)
700 creatures vanquished.

Vanquished Creatures (collateral kills)
  An orc high priest (Orc:2)
  An orc knight (Orc:2)
  3 orc warriors (Orc:2)
  3 orc wizards (Orc:2)
  An orc (Orc:2)
9 creatures vanquished.

Vanquished Creatures (others)
  Agnes (D:14)
  A naga warrior (Snake:3)
  A boulder beetle (Lair:3)
  An anaconda (Snake:3)
  4 death yaks
  A naga sharpshooter (Snake:1)
  An orc high priest (Orc:2)
  A shock serpent (Snake:1)
  2 naga ritualists
  2 necromancers (Lair:6)
  4 mana vipers
  2 orc knights (Orc:2)
  A deep elf pyromancer (D:14)
  3 orc sorcerers (Orc:2)
  An elephant (Lair:5)
  6 black mambas
  A torpor snail (Lair:6)
  A freezing wraith (D:14)
  2 komodo dragons (Lair:6)
  A dire elephant simulacrum (Lair:6)
  2 hogs (D:13)
  4 yaks
  A naga (Snake:3)
  2 swamp worms (Lair:2)
  A water moccasin (Lair:3)
  3 orc warriors (Orc:2)
  A sky beast (D:6)
  An orc priest (Orc:2)
  An orc wizard (Orc:2)
  A river rat (Lair:5)
  68 foxfires
  53 fungi
  96 plants
  32 withered plants (Lair:6)
303 creatures vanquished.

Grand Total: 1012 creatures vanquished

Notes
Turn   | Place    | Note
-------+----------+-------------------------------------------
     0 | D:1      | RepoMan the Mummy Cinder Acolyte began the quest for the
                  | Orb.
     0 | D:1      | Reached XP level 1. HP: 18/18 MP: 2/2
   373 | D:1      | Reached XP level 2. HP: 23/24 MP: 4/4
   376 | D:1      | Learned a level 2 spell: Scorch
   862 | D:1      | Reached skill level 2 in Spellcasting
  1167 | D:2      | Found Yhuqawn's Antique Weapon Shoppe.
  1314 | D:2      | Found Ravecism's Jewellery Emporium.
  1343 | D:2      | Reached XP level 3. HP: 28/29 MP: 6/6
  1398 | D:2      | Noticed Robin
  1474 | D:2      | Found Ewnuts's Armour Shop.
  1755 | D:2      | HP: 1/29 [Robin/puff of flame (12)]
  1797 | D:2      | Killed Robin
  1830 | D:2      | Reached skill level 3 in Spellcasting
  1994 | D:2      | Reached XP level 4. HP: 37/37 MP: 6/9
  2266 | D:2      | Found Orchelakh's Book Boutique.
  2274 | D:2      | Found Pegawn's Antique Armour Boutique.
  2316 | D:2      | Found a faded altar of an unknown god.
  2587 | D:3      | Identified the +1 rapier "Feyritz" {venom, Drain rElec
                  | Will+ Str+4}
  2828 | D:3      | Reached XP level 5. HP: 43/43 MP: 5/10
  3400 | D:4      | Reached skill level 1 in Shields
  3633 | D:4      | Noticed a centaur
  3651 | D:4      | Killed a centaur
  3652 | D:4      | Reached skill level 1 in Evocations
  3758 | D:4      | Reached XP level 6. HP: 26/50 MP: 1/11
  3880 | D:4      | Found Akhloobe's Antique Weapon Shop.
  4098 | D:5      | Entered Level 5 of the Dungeon
  4133 | D:5      | Noticed an ice beast
  4205 | D:5      | Killed an ice beast
  4206 | D:5      | Reached skill level 5 in Fighting
  4206 | D:5      | Reached skill level 4 in Spellcasting
  4459 | D:5      | Reached XP level 7. HP: 49/56 MP: 4/13
  4531 | D:5      | Found a staircase to the Ecumenical Temple.
  4546 | Temple   | Entered the Ecumenical Temple
  5744 | D:6      | Noticed Maggie
  5757 | D:6      | Killed Maggie
  5758 | D:6      | Reached skill level 1 in Stealth
  5758 | D:6      | Reached XP level 8. HP: 16/64 MP: 9/15
  5861 | D:6      | Noticed Prince Ribbit
  5867 | D:6      | Killed Prince Ribbit
  5868 | D:6      | Reached skill level 5 in Spellcasting
  5900 | D:6      | Noticed Menkaure
  5905 | D:6      | Killed Menkaure
  5926 | D:6      | Learned a level 1 spell: Sandblast
  6356 | D:6      | Reached skill level 1 in Earth Magic
  6915 | D:6      | Reached skill level 6 in Spellcasting
  7455 | D:6      | Learned a level 2 spell: Passwall
  7554 | D:6      | Reached XP level 9. HP: 70/70 MP: 15/18
  7581 | D:6      | Reached skill level 7 in Spellcasting
  8027 | D:2      | Bought a translucent helmet for 247 gold pieces
  8027 | D:2      | Identified the +3 helmet of Retul {rF- rN+ Will+ rCorr}
                  | (You bought it in a shop on level 2 of the Dungeon)
  8606 | D:7      | Noticed a troll
  8613 | D:7      | Killed a troll
  8632 | D:7      | Learned a level 3 spell: Stone Arrow
  8722 | D:7      | Reached skill level 5 in Earth Magic
  8831 | D:7      | Found a snail-covered altar of Cheibriados.
  9014 | D:7      | Reached skill level 1 in Conjurations
  9767 | D:8      | Reached skill level 8 in Spellcasting
 10168 | D:8      | Reached XP level 10. HP: 59/68 MP: 19/22
 10262 | D:9      | Reached skill level 5 in Evocations
 11393 | D:9      | Found Vecaly's Armour Shop.
 11493 | D:10     | Entered Level 10 of the Dungeon
 11600 | D:10     | Found a flagged portal.
 11677 | Bailey   | Entered a bailey
 11779 | D:10     | Found a portal to a secret trove of treasure.
 11896 | D:10     | Reached skill level 9 in Spellcasting
 12095 | D:10     | Noticed a two-headed ogre
 12107 | D:10     | Killed a two-headed ogre
 12392 | D:11     | Reached skill level 5 in Conjurations
 12392 | D:11     | Reached XP level 11. HP: 73/75 MP: 24/24
 12397 | D:11     | Noticed a tengu warrior
 12417 | D:11     | Noticed a wizard
 12463 | D:11     | Killed a wizard
 12464 | D:11     | Noticed a deep elf pyromancer
 12503 | D:11     | Killed a deep elf pyromancer
 12547 | D:11     | Noticed a deep elf pyromancer
 12552 | D:11     | Killed a deep elf pyromancer
 12566 | D:11     | Got Lapnyavac's Almanac of Plaster Cramp
 12574 | D:11     | Got Maivypn's Compendium of Combed Thunderclap
 12599 | D:11     | Noticed a deep elf zephyrmancer
 12606 | D:11     | Killed a deep elf zephyrmancer
 12610 | D:11     | Noticed Fannar
 12619 | D:11     | Got the Catalogue of Dhcmrlchtdj
 12661 | D:11     | Noticed a two-headed ogre
 12760 | D:11     | You fall into a shaft and drop 2 floors!
 12791 | D:13     | Noticed a centaur warrior
 12823 | D:13     | Noticed a two-headed ogre
 12827 | D:12     | Noticed Snorg
 12929 | D:11     | Reached skill level 10 in Spellcasting
 13002 | D:11     | Noticed a six-headed hydra
 13009 | D:11     | Killed a six-headed hydra
 13053 | D:11     | Found a staircase to the Orcish Mines.
 13573 | D:11     | Found a staircase to the Lair.
 13847 | D:11     | Killed a tengu warrior
 14064 | Lair:1   | Entered Level 1 of the Lair of Beasts
 14111 | Lair:1   | Noticed Erica
 14126 | Lair:1   | Killed Erica
 14465 | Lair:1   | Reached XP level 12. HP: 89/95 MP: 23/26
 14548 | Lair:1   | Learned a level 1 spell: Pain
 15378 | Lair:2   | Noticed a death yak
 15378 | Lair:2   | Noticed a death yak
 16000 | Lair:2   | Noticed a death yak
 16001 | Lair:2   | Noticed a death yak
 16001 | Lair:2   | Noticed a death yak
 16001 | Lair:2   | Noticed a death yak
 16082 | Orc:1    | Entered Level 1 of the Orcish Mines
 16103 | Orc:1    | Found Mepaupel's Antique Armour Shoppe.
 16134 | Orc:2    | Entered Level 2 of the Orcish Mines
 16139 | Orc:2    | Noticed an ettin
 16430 | D:2      | Bought an Inescapable Atlas for 442 gold pieces
 16433 | D:2      | Learned a level 2 spell: Blink
 16862 | D:12     | Noticed a seven-headed hydra
 16867 | D:12     | Killed a seven-headed hydra
 17229 | D:12     | Reached skill level 1 in Translocations
 17472 | D:12     | Noticed Jorgrun
 17490 | D:12     | Killed Jorgrun
 17769 | D:12     | Killed a centaur warrior
 18221 | Lair:1   | Learned a level 3 spell: Summon Guardian Golem
 18228 | Lair:1   | Learned a level 6 spell: Iron Shot
 18429 | Lair:2   | Found a staircase to the Swamp.
 19122 | Lair:3   | Noticed a catoblepas
 19147 | Lair:3   | Reached skill level 1 in Hexes
 19147 | Lair:3   | Reached skill level 1 in Summonings
 19292 | Lair:3   | Noticed an eight-headed hydra
 19300 | Lair:3   | Killed an eight-headed hydra
 19503 | Lair:3   | Noticed a boulder beetle
 19531 | Lair:3   | Killed a boulder beetle
 19989 | Lair:3   | Gained mutation: You are in touch with the powers of death.
                  | [Mummy growth]
 19989 | Lair:3   | Reached XP level 13. HP: 51/93 MP: 6/27
 20561 | Lair:4   | Found a staircase to the Snake Pit.
 21905 | Lair:2   | Reached skill level 11 in Spellcasting
 22199 | Lair:5   | Reached skill level 10 in Earth Magic
 23858 | Lair:5   | Identified the +12 dagger "Icsis" {pain, *Slow rCorr Dex+4
                  | Stlth+}
 24327 | Lair:6   | Entered Level 6 of the Lair of Beasts
 24613 | Lair:6   | Reached XP level 14. HP: 97/108 MP: 9/29
 24678 | Lair:6   | Reached skill level 12 in Spellcasting
 24735 | Lair:6   | Found a dark tunnel.
 24775 | Volcano  | Entered a volcano
 24852 | Volcano  | Found a bloodstained altar of Trog.
 25559 | Lair:6   | Reached skill level 10 in Fighting
 25598 | Lair:6   | Found a viscous altar of Jiyva.
 25598 | Lair:6   | Found a staircase to the Slime Pits.
 26113 | Lair:6   | Reached skill level 10 in Conjurations
 26649 | Lair:6   | Learned a level 2 spell: Corpse Rot
 26652 | Lair:6   | Learned a level 2 spell: Poisonous Vapours
 27912 | D:12     | Killed Fannar
 28066 | Orc:2    | Found a staircase to the Elven Halls.
 28413 | Orc:2    | Reached skill level 13 in Spellcasting
 28701 | Orc:2    | Noticed an orc warlord
 28847 | Orc:2    | Killed an orc warlord
 29205 | D:2      | Bought a Young Poisoner's Handbook for 260 gold pieces
 29516 | D:13     | Reached skill level 1 in Poison Magic
 29528 | D:13     | Reached XP level 15. HP: 93/94 MP: 24/32
 29533 | D:13     | Learned a level 4 spell: Olgreb's Toxic Radiance
 30058 | D:13     | Noticed Kirke
 30072 | D:13     | Killed Kirke
 30426 | Orc:2    | Found Zuxiosal's Antique Armour Shoppe.
 30427 | Orc:2    | Found Diuqoucs's Antique Weapon Shoppe.
 30431 | Orc:2    | Found Leachepn's General Store.
 30431 | Orc:2    | Found Kaexasus's Jewellery Emporium.
 30435 | Orc:2    | Bought a scroll of fog for 20 gold pieces
 31193 | Orc:1    | Found Xeceb's Distillery.
 31235 | Orc:1    | Found Joxt's Armour Shoppe.
 31303 | Orc:1    | Found Roejesa's Weapon Boutique.
 31305 | Orc:1    | Noticed Maurice
 31643 | Orc:1    | Killed Maurice
 31750 | Orc:1    | Bought the +3 crown of Dyrovepreva {rElec Int+2 SInv} for
                  | 1200 gold pieces
 31750 | Orc:1    | Found the +3 crown of Dyrovepreva {rElec Int+2 SInv}
 31975 | D:14     | Killed Snorg
 32097 | D:14     | Found a gate to the Vaults.
 32741 | D:14     | Noticed Agnes
 32750 | D:14     | Killed Agnes
 33888 | D:14     | Noticed Rupert
 33892 | D:14     | Noticed a frost giant
 33906 | D:14     | Killed a frost giant
 34424 | D:14     | Paralysed by Rupert for 5 turns
 34429 | D:14     | Killed Rupert
 34635 | D:14     | Noticed a fire giant
 34649 | D:14     | Killed a fire giant
 34952 | D:14     | Noticed a tengu reaver
 35247 | Snake:1  | Entered Level 1 of the Snake Pit
 35875 | Snake:1  | Reached XP level 16. HP: 100/111 MP: 7/33
 36181 | Snake:2  | Found Nuycsama's Book Boutique.
 36181 | Snake:2  | Found Dotuet's General Store.
 36183 | Snake:2  | Found Ikub's Antique Weapon Boutique.
 36195 | Snake:2  | Found Juefon's General Store.
 36288 | Snake:3  | Reached skill level 14 in Spellcasting
 36514 | Snake:2  | Learned a level 5 spell: Borgnjor's Vile Clutch
 36528 | Snake:3  | Reached skill level 10 in Evocations
 36617 | Snake:3  | Reached skill level 1 in Necromancy
 37020 | Snake:3  | HP: 6/126 [naga sharpshooter/arrow (17)]
 37022 | Snake:3  | HP: 2/126 [naga sharpshooter/arrow (7)]
 37024 | Snake:3  | Killed from afar by a shock serpent

Illustrated notes

Levels and vault maps discovered:
D:1:      lemuel_arrival_broad_hall, layout_basic, lemuel_old_faithful
D:2:      layout_rooms, serial_shops, nicolae_shop_statue_plus,
          nicolae_shop_stone, shop, nicolae_shop_trees, shop,
          chequers_ecumenical_altar_lobes, uniq_robin
D:3:      layout_rooms, minmay_misc_feat_chi, minmay_vboxes
D:4:      layout_basic, serial_shops, nicolae_shop_waterfront
D:5:      layout_basic, minmay_temple_entry_grid, lexackson_kobold_supper
D:6:      cheibrodos_barr_body, layout_gridville, uniq_prince_ribbit1,
          uniq_menkaure, uniq_maggie
D:7:      layout_rooms, mainiacjoe_overflow_brackets
D:8:      layout_basic, st_stairs_11
D:9:      layout_gridville, serial_shops, shop
D:10:     layout_roguey, enter_bailey_5, enter_trove_2
D:11:     layout_cave_pods, lair_entry_dummy, david_orc_1_choice,
          bh_hangedman_babel_library, uniq_fannar
D:12:     layout_gridville, minmay_misc_feat_four_crosses, uniq_snorg,
          uniq_jorgrun
D:13:     layout_irregular_city, uniq_kirke
D:14:     evilmike_diamond_1, layout_loops_corners, david_vaults_2,
          chequers_garden, uniq_agnes, uniq_rupert
Temple:   compressed_dpeg_triangle_lava_temple
Lair:1:   layout_regular_city, grunt_megastairs_3, uniq_erica
Lair:2:   layout_hall_layers, nicolae_swamp_entry_splash_gauntlet, minivault_24
Lair:3:   layout_roguey, serial_bayou_pond_d, nzn_sisyphean_effort,
          serial_bayou_shore_a
Lair:4:   layout_regular_city, guppyfry_snake_entry_garden,
          gauntlet_entry_generic, st_stairs_5
Lair:5:   beast_lair_carwin_large_4, layout_regular_city,
          kennysheep_abandoned_house
Lair:6:   due_jungle_book, layout_loops_ring, slime_altar_1,
          nicolae_volcano_entry_vermiform
Snake:1:  layout_grid_shapes, grunt_megastairs_5, uniq_louise
Snake:2:  layout_cave_shapes, serial_bayou, serial_bayou_lagoon_b,
          serial_bayou_pond_d, serial_bayou_pond_e, serial_bayou_crossing,
          minmay_shoptagon
Snake:3:  layout_onion_interference
Orc:1:    layout_diamond_mine, serial_shops, shop, shop,
          nicolae_shop_statue_plus, nicolae_shop_bloodbath_and_beyond,
          guppyfry_library_mini, uniq_maurice
Orc:2:    st_orc_congregation, layout_caves, basic_altar

Skill      XL: |  1  2  3  4  5  6  7  8  9 10 11 12 13 14 15 16 |
---------------+-------------------------------------------------+-----
Spellcasting   | 2 3 4 6 8 9 10 11 13 14 | 14.3
Fighting       | 4 5 6 7 8 9 10 11 | 11.4
Shields        | 1 2 3 4 |  4.0
Evocations     | 1 2 3 4 5 6 8 9 10 | 10.0
Stealth        | 1 2 3 4 |  4.0
Earth Magic    | 3 5 6 7 9 10 12 13 | 13.8
Conjurations   | 1 5 7 8 9 10 11 | 11.4
Translocations | 1 2 |  2.0
Hexes          | 1 |  1.0
Summonings     | 1 |  1.0
Poison Magic   | 1 4 |  4.0
Necromancy     | 2 |  2.1
Maces & Flails | |  2.8
Fire Magic     | |  2.4

Action                   |  1- 3 |  4- 6 |  7- 9 | 10-12 | 13-15 | 16-18 || total
-------------------------+-------+-------+-------+-------+-------+-------++-------
Melee: Mace              |    20 |       |       |       |       |       ||    20
       Punch             |     4 |       |       |       |       |       ||     4
       Dagger            |    40 |    16 |       |       |    19 |       ||    75
       Trident           |       |     2 |    76 |       |       |       ||    78
       Long sword        |       |       |    26 |       |       |       ||    26
       Rapier            |       |       |    61 |    10 |       |       ||    71
 Fire: Hunting sling     |     5 |    99 |     6 |       |       |       ||   110
       Hand crossbow     |       |       |    59 |   104 |   169 |       ||   332
Throw: Stone             |     3 |       |       |       |       |     1 ||     4
       Dart              |     2 |       |     4 |    13 |     1 |       ||    20
       Throwing net      |       |       |    10 |     3 |       |       ||    13
 Cast: Scorch            |    27 |    62 |   153 |    72 |     1 |       ||   315
       Sandblast         |       |       |    18 |   200 |   370 |    57 ||   645
       Stone Arrow       |       |       |     3 |   127 |   153 |    64 ||   347
       Passwall          |       |       |       |     1 |       |       ||     1
       Summon Guardian G |       |       |       |     4 |    83 |    22 ||   109
       Blink             |       |       |       |     3 |    30 |     2 ||    35
       Iron Shot         |       |       |       |       |   171 |     9 ||   180
       Poisonous Vapours |       |       |       |       |    77 |       ||    77
       Olgreb's Toxic Ra |       |       |       |       |    13 |       ||    13
       Borgnjor's Vile C |       |       |       |       |       |    12 ||    12
Invok: Foxfire Swarm     |       |     1 |     1 |     2 |       |       ||     4
       Fiery Armour      |       |       |     2 |     3 |     1 |     1 ||     7
       Rising Flame      |       |       |       |     1 |       |       ||     1
 Abil: Evoke Invisibilit |       |       |     1 |     6 |    20 |       ||    27
Evoke: Wand              |       |     4 |     6 |    36 |    36 |     2 ||    84
       Lightning rod     |       |       |       |       |    10 |       ||    10
  Use: Scroll            |       |       |     7 |    13 |    15 |     2 ||    37
 Stab: Invisible         |       |       |     1 |     1 |     2 |       ||     4
       Held in net/web   |       |       |     1 |       |       |       ||     1
       Sleeping          |       |       |       |       |     4 |       ||     4
Armor: Robe              |    12 |       |       |     6 |    27 |       ||    45
       Animal skin       |       |    18 |     8 |       |       |       ||    26
       Acid dragon scale |       |       |    89 |    41 |       |       ||   130
       Ring mail         |       |       |       |    82 |    29 |       ||   111
       Leather armour    |       |       |       |       |    81 |       ||    81
       Troll leather arm |       |       |       |       |     9 |    37 ||    46
Dodge: Dodged            |    37 |    33 |   113 |    91 |   161 |    43 ||   478
Block: Buckler           |       |     7 |    43 |    70 |   124 |    25 ||   269
